 Dungeon Crawl Stone Soup version 0.23.1 (webtiles) character file.

Game seed: 5092295089041581964

8817 Fang the Fighter (level 11, -3/108 HPs)
             Began as a Gargoyle Berserker on Mar 13, 2019.
             Was an Elder of Trog.
             Slain by a four-headed hydra (5 damage)
             ... on level 10 of the Dungeon.
             The game lasted 00:11:21 (10778 turns).

Fang the Fighter (Gargoyle Berserker)              Turns: 10778, Time: 00:11:22

Health: -3/108     AC: 20    Str: 29    XL:     11   Next: 36%
Magic:  11/11      EV: 14    Int: 10    God:    Trog [****..]
Gold:   679        SH:  0    Dex:  9    Spells: 10/10 levels left

rFire    + . .     SeeInvis .   n - +0 hand axe (flame)
rCold    . . .     Gourm    .   (no shield)
rNeg     + + .     Faith    .   r - +2 ring mail {rF+}
rPois    ∞         Spirit   .   (no helmet)
rElec    +         Reflect  .   (no cloak)
rCorr    .         Harm     .   (no gloves)
MR       .....                  l - +2 pair of boots
Stlth    ..........             (no amulet)
HPRegen  0.28/turn              B - +2 ring of intelligence
MPRegen  0.12/turn              b - ring of positive energy

@: berserking, very quick
A: negative energy resistance 1, electricity resistance, unbreathing,
petrification resistance, rot immunity, AC +8
a: Berserk, Trog's Hand, Brothers in Arms, Renounce Religion


You were on level 10 of the Dungeon.
You worshipped Trog.
Trog was greatly pleased with you.
You were near starving.

You visited 2 branches of the dungeon, and saw 11 of its levels.
You also visited: Sewer and Ossuary.

You collected 679 gold pieces.

Inventory:

Hand Weapons
 n - a +0 hand axe of flaming (weapon)
 u - a +0 war axe
 x - a +0 battleaxe
Armour
 l - a +2 pair of boots (worn)
 r - a +2 ring mail of fire resistance (worn)
 y - a +0 plate armour
Jewellery
 b - a ring of positive energy (right hand)
 B - a +2 ring of intelligence (left hand)
Wands
 i - a wand of acid (14)
 k - a wand of disintegration (15)
 m - a wand of scattershot (7)
 s - a wand of random effects (27)
 D - a wand of clouds (4)
 E - a wand of flame (12)
 I - a wand of polymorph (8)
Scrolls
 p - 2 scrolls of teleportation
 t - 4 scrolls of remove curse
 v - a scroll of blinking
 w - a scroll of fear
 A - 2 scrolls of magic mapping
Potions
 a - 4 potions of mutation {unknown}
 d - 5 potions of lignification
 f - 2 potions of flight
 g - 5 potions of agility
 h - 2 potions of brilliance {unknown}
 j - a potion of might
 o - 4 potions of curing
 q - a potion of magic {unknown}
 C - a potion of cancellation
Comestibles
 c - 21 rations
 z - a chunk of flesh


   Skills:
 + Level 10.2 Fighting
 + Level 8.5 Axes
 + Level 9.8 Armour
 + Level 7.5 Dodging


You had 10 spell levels left.
You didn't know any spells.
Your spell library was empty.

Dungeon Overview and Level Annotations

Branches:
Dungeon (10/15)            Temple (1/1) D:6            Lair (0/6) D:10
    Orc: D:9-12

Altars:
Gozag
Hepliaklqana
Makhleb
Nemelex Xobeh
Ru
Wu Jian
Xom
The Shining One

Annotations:
D:5 2 transporters, SolCadguy's ghost, novice CeFi


Innate Abilities, Weirdness & Mutations

You are resistant to torment.
Your stone body is resilient. (AC +8)
You are immune to poison.
You resist negative energy. (rN+)
You are resistant to electric shocks. (rElec)
You can survive without breathing.
You are immune to petrification.
You are immune to rotting.


Message History

The six-headed hydra bites you!
* * * LOW HITPOINT WARNING * * *
The six-headed hydra closely misses you.
The six-headed hydra completely misses you.
The six-headed hydra closely misses you.
You chop one of the six-headed hydra's heads off!
The flame cauterises the wound!
You slash the five-headed hydra! You burn the five-headed hydra.
The five-headed hydra is heavily wounded.
You slash the centaur warrior! You burn the centaur warrior.
The centaur warrior hits you.
* * * LOW HITPOINT WARNING * * *
You slice one of the five-headed hydra's heads off!
The flame cauterises the wound!
You slash the four-headed hydra! You burn the four-headed hydra.
The four-headed hydra is severely wounded.
You hit the centaur warrior. You burn the centaur warrior.
The centaur warrior hits you but does no damage.
The four-headed hydra misses you. The four-headed hydra bites you.
You die...

#..##.h############.
#{# #..##..# #.##.#
#..##.##. #..#.#
#..#..#... ##....#
#....##...# #..##.#
....... #..#
###..##.# ....
..#..D###Z#......#
...
.....cD.c##......#
..### ##@##...###.#
.#.###.###.(##...#
#.#
#..........(#....#
#§#
#..#######(##.#..#
#.#
##........(.#..#..#
#.#
#...)#####(##.....#
#.#
###........#..##..#
#.#
#....###.##..##..#
#.#
#..#÷.....#...##..#
#.#


You could see a four-headed hydra, a centaur warrior, an acid dragon, a centaur
and a worker ant zombie.

Vanquished Creatures
  2 two-headed ogres
  An unseen horror (D:10)
  Pikel (D:6)
  4 trolls
  A hippogriff (D:7)
  3 hogs (D:7)
  A wyvern (D:8)
  A yak (D:7)
  A human (D:7)
  A porcupine (D:10)
  4 ice beasts
  2 sky beasts
  5 phantoms
  3 orc warriors
  A black bear (D:9)
  3 ogres
  2 centaurs
  4 big kobolds
  2 elf zombies (Ossuary)
  6 bullfrogs
  2 killer bees (D:10)
  A water moccasin skeleton (D:10)
  5 wights
  A howler monkey (D:7)
  An electric eel (D:7)
  3 crimson imps
  9 orc wizards
  A bullfrog zombie (D:8)
  2 centaur zombies (Ossuary)
  8 hounds
  4 orc priests
  2 bullfrog skeletons (D:6)
  Ijyb (D:5)
  5 iguanas
  5 worker ants
  A killer bee zombie (D:5)
  3 ogre zombies (Ossuary)
  A hound skeleton (D:6)
  7 mummies (Ossuary)
  11 adders
  7 gnolls
  A howler monkey skeleton (D:8)
  4 river rats
  A shadow imp (D:6)
  An ooze (Sewer)
  7 adder zombies
  2 worms
  2 dart slugs
  4 leopard geckos
  31 orcs
  6 ball pythons
  4 giant cockroaches
  10 goblins
  11 jackals
  14 kobolds
  9 quokkas
  A ball python skeleton (D:3)
  9 bats
  4 frilled lizards (D:2)
  3 goblin zombies (Ossuary)
  4 hobgoblin zombies (Ossuary)
  4 kobold zombies (Ossuary)
  A quokka skeleton (D:8)
  5 quokka zombies
  11 rats
  2 rat zombies (Ossuary)
279 creatures vanquished.

Vanquished Creatures (collateral kills)
  3 killer bees (D:10)
3 creatures vanquished.

Vanquished Creatures (others)
  An orc wizard (D:5)
  5 bushes (D:7)
6 creatures vanquished.

Grand Total: 288 creatures vanquished

Notes
Turn   | Place    | Note
-------+----------+-------------------------------------------
     0 | D:1      | Fang the Gargoyle Berserker began the quest for the Orb.
     0 | D:1      | Reached XP level 1. HP: 14/14 MP: 1/1
   190 | D:1      | Reached XP level 2. HP: 19/19 MP: 2/2
   429 | D:2      | Reached XP level 3. HP: 12/23 MP: 3/3
   519 | D:2      | Found a sparkling altar of Nemelex Xobeh.
   520 | D:2      | Found a glowing golden altar of the Shining One.
  1027 | D:2      | Reached ** piety under Trog
  1147 | D:2      | Reached XP level 4. HP: 29/29 MP: 4/4
  1290 | D:2      | Reached skill level 4 in Fighting
  1879 | D:3      | Found a glowing drain.
  1904 | Sewer    | Entered a sewer
  1940 | Sewer    | Reached XP level 5. HP: 3/33 MP: 5/5
  2126 | Sewer    | Noticed a big kobold
  2145 | Sewer    | Killed a big kobold
  2220 | Sewer    | Reached XP level 6. HP: 37/39 MP: 6/6
  3177 | D:3      | Reached skill level 5 in Fighting
  3187 | D:3      | Reached XP level 7. HP: 42/44 MP: 7/7
  3989 | D:4      | Reached skill level 5 in Armour
  4200 | D:4      | Reached *** piety under Trog
  4739 | D:5      | Entered Level 5 of the Dungeon
  4739 | D:5      | Found a transporter.
  4739 | D:5      | Found a transporter.
  4739 | D:5      | Noticed SolCadguy's ghost (novice CeFi)
  4807 | D:5      | Noticed Ijyb
  4814 | D:5      | Reached XP level 8. HP: 51/51 MP: 8/8
  4822 | D:5      | Killed Ijyb
  4825 | D:5      | Reached skill level 6 in Fighting
  5011 | D:5      | Reached skill level 5 in Axes
  5030 | D:5      | Identified the +7 great mace of the Lame Duck {protect,
                  | +Fly rPois rC+++ rN+ Dex-4}
  5735 | D:6      | Found a staircase to the Ecumenical Temple.
  5785 | Temple   | Entered the Ecumenical Temple
  5944 | D:6      | Noticed Pikel
  5962 | D:6      | Killed Pikel
  5962 | D:6      | Reached skill level 7 in Fighting
  5962 | D:6      | Reached skill level 5 in Dodging
  5962 | D:6      | Reached XP level 9. HP: 53/57 MP: 9/9
  6501 | D:7      | Found a sand-covered staircase.
  6519 | Ossuary  | Entered an ossuary
  6591 | Ossuary  | Reached **** piety under Trog
  7167 | D:7      | Reached skill level 8 in Fighting
  7367 | D:7      | Found a sacrificial altar of Ru.
  7449 | D:7      | Reached ***** piety under Trog
  7449 | D:7      | Reached XP level 10. HP: 31/64 MP: 10/10
  8600 | D:8      | Reached skill level 9 in Fighting
  8675 | D:8      | Noticed a two-headed ogre
  8684 | D:8      | Killed a two-headed ogre
  8914 | D:8      | Found a hazy altar of Hepliaklqana.
  8915 | D:8      | Found a shimmering altar of Xom.
  8916 | D:8      | Noticed a spectral ugly thing
  9121 | D:9      | Received a gift from Trog
  9385 | D:9      | HP: 1/99 [troll (8)]
  9796 | D:9      | Reached XP level 11. HP: 59/72 MP: 11/11
  9811 | D:9      | Found a burning altar of Makhleb.
  9890 | D:10     | Entered Level 10 of the Dungeon
  9986 | D:10     | Found an opulent altar of Gozag.
 10017 | D:10     | Noticed a death yak
 10023 | D:10     | Noticed a death yak
 10024 | D:10     | Noticed a death yak
 10240 | D:10     | Killed an unseen horror
 10240 | D:10     | Reached skill level 10 in Fighting
 10327 | D:10     | Noticed a two-headed ogre
 10390 | D:10     | Found a staircase to the Lair.
 10412 | D:10     | Killed a two-headed ogre
 10766 | D:10     | Noticed a centaur warrior
 10769 | D:10     | Identified the ring of the Prince {Int+2 SInv Stlth+}
 10769 | D:10     | Noticed a deep elf mage
 10771 | D:10     | Noticed a seven-headed hydra
 10772 | D:10     | Identified the amulet "Gostuti" {Spirit Str+4 Int-2}
 10776 | D:10     | HP: 5/108 [six-headed hydra (7)]
 10777 | D:10     | HP: 1/108 [centaur warrior (4)]
 10778 | D:10     | Slain by a four-headed hydra

Skill      XL: |  1  2  3  4  5  6  7  8  9 10 11 |
---------------+----------------------------------+-----
Axes           | 3 4 6 8 |  8.5
Dodging        | 2 3 5 7 |  7.5
Armour         | 3 4 5 6 7 9 |  9.8
Fighting       | 4 5 7 8 9 10 | 10.2

Action                   |  1- 3 |  4- 6 |  7- 9 | 10-12 || total
-------------------------+-------+-------+-------+-------++-------
Melee: Hand axe          |   106 |   297 |   382 |     3 ||   788
       War axe           |       |       |   215 |    24 ||   239
       Battleaxe         |       |       |       |   234 ||   234
Invok: Berserk           |       |     2 |     6 |     6 ||    14
       Trog's Hand       |       |     2 |       |       ||     2
       Brothers in Arms  |       |       |       |     2 ||     2
  Use: Scroll            |     4 |     5 |     6 |     9 ||    24
       Potion            |       |       |     1 |     4 ||     5
  Eat: Chunk             |     1 |     6 |    12 |    17 ||    36
       Ration            |       |     1 |     2 |       ||     3
Armor: Animal skin       |    40 |   100 |    54 |       ||   194
       Ring mail         |       |       |   256 |   275 ||   531
Dodge: Dodged            |    84 |   224 |   373 |   347 ||  1028
